| TOP OF THE 1ST |
|
New York Yankees batting - Pitching for Houston Astros : RHP Ricardo Acosta
|
|
Pitching: RHP Ricardo Acosta
|
|
|
Batting: LHB Jordan de Jesus
|
0-0: Ground out 4-3 (Groundball, 34, EV 103.8 MPH)
|
|
Batting: RHB Shiro Suehiro
|
0-0: Ball 1-0: Ball 2-0: Foul Ball, location: 2F 2-1: Swinging Strike 2-2: Fly out, F7 (Flyball, 7S, EV 90.0 MPH)
|
|
Batting: SHB Bartholomeu Chambino
|
0-0: Ball 1-0: Foul Ball, location: 2F 1-1: Ball 2-1: Foul Ball, location: 2F 2-2: SINGLE (Groundball, 4S, EV 62.5 MPH) (infield hit)
|
|
Batting: RHB Adriaan Pieters
|
0-0: Ball 1-0: Ball 2-0: Foul Ball, location: 2F 2-1: Ball 3-1: Base on Balls Bartholomeu Chambino to second
|
|
Batting: LHB Jim Skare
|
0-0: Foul Ball, location: 2F 0-1: Ground out U3 (Groundball, 3, EV 86.2 MPH)
|
| Top of the 1st over - 0 runs, 1 hit, 0 errors, 2 left on base; New York 0 - Houston 0 |
| BOTTOM OF THE 1ST |
|
Houston Astros batting - Pitching for New York Yankees : LHP Joel Pacheco
|
|
Pitching: LHP Joel Pacheco
|
|
|
Batting: RHB Jesse Scott
|
0-0: Foul Ball, location: 2F 0-1: Foul Ball, location: 2F 0-2: Ball 1-2: Ball 2-2: Foul Ball, location: 2F 2-2: Strikes out swinging
|
|
Batting: RHB Jeremy Trump
|
0-0: Swinging Strike 0-1: Swinging Strike 0-2: Fly out, F9 (Flyball, 89M, EV 88.8 MPH)
|
|
Batting: RHB Chris Lane
|
0-0: Ball 1-0: Ball 2-0: Ball 3-0: Called Strike 3-1: Fly out, F7 (Flyball, 78D, EV 97.5 MPH)
|
| Bottom of the 1st over - 0 runs, 0 hits, 0 errors, 0 left on base; New York 0 - Houston 0 |
| TOP OF THE 2ND |
|
New York Yankees batting - Pitching for Houston Astros : RHP Ricardo Acosta
|
|
Batting: RHB Jose Tovar
|
0-0: Ball 1-0: Called Strike 1-1: Ball 2-1: Ball 3-1: SOLO HOME RUN (Line Drive, 78XD, EV 106.2 MPH), Distance : 438 ft
|
|
Batting: RHB Geni Prawiranega
|
0-0: Ball 1-0: Called Strike 1-1: Ball 2-1: Foul Ball, location: 2F 2-2: Foul Ball, location: 2F 2-2: SINGLE (Flyball, 8LS, EV 86.2 MPH)
|
|
Batting: RHB Larry Martell
|
0-0: Ball 1-0: Ball 2-0: Ball 3-0: Called Strike 3-1: SINGLE (Line Drive, 7S, EV 86.2 MPH) Geni Prawiranega to second
|
|
Batting: RHB James Boynton
|
0-0: Ball 1-0: Called Strike 1-1: Ball 2-1: Ball 3-1: Fly out, F4 (Popup, 34, EV 70.6 MPH)
|
|
Batting: LHB Jordan de Jesus
|
0-0: Ball 1-0: Grounds into double play, 3-6-1 (Groundball, 3, EV 106.9 MPH)
|
| Top of the 2nd over - 1 run, 3 hits, 0 errors, 1 left on base; New York 1 - Houston 0 |
| BOTTOM OF THE 2ND |
|
Houston Astros batting - Pitching for New York Yankees : LHP Joel Pacheco
|
|
Batting: LHB Eric Katz
|
0-0: Foul Ball, location: 2F 0-1: Foul Ball, location: 2F 0-2: Strikes out swinging
|
|
Batting: LHB Jack Christie
|
0-0: Ball 1-0: Ball 2-0: Called Strike 2-1: Swinging Strike 2-2: Foul Ball, location: 2F 2-2: Ball 3-2: Strikes out swinging
|
|
Batting: SHB Rich Chavez
|
0-0: Ball 1-0: Foul Ball, location: 2F 1-1: Foul Ball, location: 2F 1-2: Strikes out swinging
|
| Bottom of the 2nd over - 0 runs, 0 hits, 0 errors, 0 left on base; New York 1 - Houston 0 |
| TOP OF THE 3RD |
|
New York Yankees batting - Pitching for Houston Astros : RHP Ricardo Acosta
|
|
Batting: RHB Shiro Suehiro
|
0-0: Called Strike 0-1: Called Strike 0-2: Ball 1-2: Foul Ball, location: 2F 1-2: Foul Ball, location: 2F 1-2: Ball 2-2: Ball 3-2: Strikes out swinging
|
|
Batting: SHB Bartholomeu Chambino
|
0-0: Foul Ball, location: 2F 0-1: Foul Ball, location: 2F 0-2: Ball 1-2: Ball 2-2: Ball 3-2: SINGLE (Groundball, 3S, EV 63.8 MPH) (infield hit)
|
|
Batting: RHB Adriaan Pieters
|
0-0: Ball Bartholomeu Chambino steals 2nd base 1-0: Ball Bartholomeu Chambino steals 3rd base (no throw) 2-0: Ground out 3-1 (Groundball, 34S, EV 91.9 MPH) Bartholomeu Chambino scores
|
|
Batting: LHB Jim Skare
|
0-0: Ball 1-0: Ball 2-0: Ground out 6-3 (Groundball, 6MS, EV 86.9 MPH)
|
| Top of the 3rd over - 1 run, 1 hit, 0 errors, 0 left on base; New York 2 - Houston 0 |
| BOTTOM OF THE 3RD |
|
Houston Astros batting - Pitching for New York Yankees : LHP Joel Pacheco
|
|
Batting: SHB Joe Gardner
|
0-0: Ball 1-0: Ball 2-0: Fly out, F6 (Line Drive, 6M, EV 73.8 MPH)
|
|
Batting: LHB Bryce Hill
|
0-0: Swinging Strike 0-1: Swinging Strike 0-2: Foul Ball, location: 2F 0-2: Strikes out swinging
|
|
Batting: RHB Mark Marks
|
0-0: Called Strike 0-1: Foul Ball, location: 2F 0-2: Ball 1-2: Ground out 5-3 (Groundball, 56S, EV 90.0 MPH)
|
| Bottom of the 3rd over - 0 runs, 0 hits, 0 errors, 0 left on base; New York 2 - Houston 0 |
| TOP OF THE 4TH |
|
New York Yankees batting - Pitching for Houston Astros : RHP Ricardo Acosta
|
|
Batting: RHB Jose Tovar
|
0-0: Ball 1-0: Ball 2-0: Called Strike 2-1: Foul Ball, location: 2F 2-2: Ball 3-2: SINGLE (Line Drive, 9S, EV 104.4 MPH)
|
|
Batting: RHB Geni Prawiranega
|
0-0: Bunted foul 0-1: Bunted foul 0-2: Ball 1-2: SINGLE (Groundball, 6MD, EV 103.1 MPH) Jose Tovar to second
|
|
Batting: RHB Larry Martell
|
0-0: Fly out, F6 (Popup, 15S, EV 90.6 MPH)
|
|
Batting: RHB James Boynton
|
0-0: SINGLE (Groundball, 6MD, EV 95.6 MPH) Jose Tovar to third Geni Prawiranega to second Runner from 3rd tries for Home, SAFE, throw by CF to home
|
|
Batting: LHB Jordan de Jesus
|
0-0: Foul Ball, location: 2F 0-1: Called Strike 0-2: Ball 1-2: Ball 2-2: Ball 3-2: Base on Balls Geni Prawiranega to third James Boynton to second
|
|
Batting: RHB Shiro Suehiro
|
0-0: SINGLE (Groundball, 6M, EV 110.6 MPH) (infield hit) Geni Prawiranega scores James Boynton to third Jordan de Jesus to second
|
|
Pinch Runner at 1st Joel Vera:
|
|
|
Batting: SHB Bartholomeu Chambino
|
0-0: Ball 1-0: Foul Ball, location: 2F 1-1: Swinging Strike 1-2: Foul Ball, location: 2F 1-2: SINGLE (Line Drive, 6MD, EV 103.8 MPH) James Boynton scores Jordan de Jesus to third Joel Vera to second
|
|
Pitching: RHP Mike Chisolm
|
|
|
Batting: RHB Adriaan Pieters
|
0-0: Foul Ball, location: 2F 0-1: Foul Ball, location: 2F 0-2: Ball 1-2: Strikes out swinging
|
|
Batting: LHB Jim Skare
|
0-0: Foul Ball, location: 2RF, Error on foul ball, E2 0-1: Ball 1-1: Ball 2-1: Ball 3-1: Base on Balls Jordan de Jesus scores Joel Vera to third Bartholomeu Chambino to second
|
|
Batting: RHB Jose Tovar
|
0-0: Ball 1-0: Called Strike 1-1: Swinging Strike 1-2: Ball 2-2: Strikes out looking
|
| Top of the 4th over - 4 runs, 5 hits, 1 error, 3 left on base; New York 6 - Houston 0 |
| BOTTOM OF THE 4TH |
|
Houston Astros batting - Pitching for New York Yankees : LHP Joel Pacheco
|
|
Batting: RHB Jesse Scott
|
0-0: Called Strike 0-1: Ball 1-1: Ball 2-1: Foul Ball, location: 2F 2-2: DOUBLE (Line Drive, 8LXD, EV 106.2 MPH)
|
|
Batting: RHB Jeremy Trump
|
0-0: Ball 1-0: Ball 2-0: Ball 3-0: Called Strike 3-1: Foul Ball, location: 2F 3-2: Strikes out swinging
|
|
Batting: RHB Chris Lane
|
0-0: Ball 1-0: Foul Ball, location: 2F 1-1: Ball 2-1: SINGLE (Groundball, 4M, EV 105.6 MPH) Jesse Scott to third
|
|
Batting: LHB Eric Katz
|
0-0: Ball 1-0: Ball 2-0: Called Strike 2-1: Called Strike 2-2: Foul Ball, location: 2F 2-2: Foul Ball, location: 2F 2-2: Foul Ball, location: 2F 2-2: Strikes out swinging
|
|
Batting: LHB Jack Christie
|
0-0: Ball 1-0: Swinging Strike 1-1: Foul Ball, location: 2F 1-2: Fly out, F8 (Line Drive, 8LD, EV 90.0 MPH)
|
| Bottom of the 4th over - 0 runs, 2 hits, 0 errors, 2 left on base; New York 6 - Houston 0 |
| TOP OF THE 5TH |
|
New York Yankees batting - Pitching for Houston Astros : RHP Mike Chisolm
|
|
Batting: RHB Geni Prawiranega
|
0-0: Ball 1-0: Ball 2-0: Called Strike 2-1: Swinging Strike 2-2: Strikes out swinging
|
|
Batting: RHB Larry Martell
|
0-0: Swinging Strike 0-1: Ball 1-1: Ball 2-1: Ball 3-1: Called Strike 3-2: Base on Balls
|
|
Batting: RHB James Boynton
|
0-0: Ball 1-0: SINGLE (Groundball, 4D, EV 95.6 MPH) Larry Martell to second Runner from 2nd tries for 3rd, SAFE, throw by CF made at trailing runner, OUT! 8-6
|
|
Batting: LHB Jordan de Jesus
|
0-0: Swinging Strike 0-1: DOUBLE (Groundball, 3L, EV 101.2 MPH) Larry Martell scores
|
|
Batting: LHB Joel Vera
|
0-0: Ground out 4-3 (Groundball, 4, EV 100.0 MPH)
|
| Top of the 5th over - 1 run, 2 hits, 0 errors, 1 left on base; New York 7 - Houston 0 |
| BOTTOM OF THE 5TH |
|
Houston Astros batting - Pitching for New York Yankees : LHP Joel Pacheco
|
|
Batting: SHB Rich Chavez
|
0-0: Foul Ball, location: 2F 0-1: Called Strike 0-2: Ball 1-2: Ball 2-2: Strikes out swinging
|
|
Batting: SHB Joe Gardner
|
0-0: Called Strike 0-1: Called Strike 0-2: Ball 1-2: Ball 2-2: Ball 3-2: Strikes out swinging
|
|
Batting: LHB Bryce Hill
|
0-0: Ball 1-0: SINGLE (Groundball, 3D, EV 111.2 MPH)
|
|
Batting: RHB Mark Marks
|
0-0: Called Strike 0-1: Swinging Strike 0-2: Ball 1-2: Strikes out swinging
|
| Bottom of the 5th over - 0 runs, 1 hit, 0 errors, 1 left on base; New York 7 - Houston 0 |
| TOP OF THE 6TH |
|
New York Yankees batting - Pitching for Houston Astros : RHP Mike Chisolm
|
|
Batting: SHB Bartholomeu Chambino
|
0-0: Ball 1-0: Foul Ball, location: 2F 1-1: Ball 2-1: Ball 3-1: Called Strike 3-2: Fly out, F8 (Flyball, 78D, EV 88.1 MPH)
|
|
Batting: RHB Adriaan Pieters
|
0-0: Foul Ball, location: 2F 0-1: Swinging Strike 0-2: Ball 1-2: Ball 2-2: Foul Ball, location: 2F 2-2: Ball 3-2: Foul Ball, location: 2F 3-2: Base on Balls
|
|
Batting: LHB Jim Skare
|
0-0: Fly out, F9 (Flyball, 89XD, EV 86.9 MPH)
|
|
Batting: RHB Jose Tovar
|
0-0: Called Strike Adriaan Pieters steals 2nd base 0-1: Ball 1-1: Foul Ball, location: 2F 1-2: Ground out 6-3 (Groundball, 6, EV 97.5 MPH)
|
| Top of the 6th over - 0 runs, 0 hits, 0 errors, 1 left on base; New York 7 - Houston 0 |
| BOTTOM OF THE 6TH |
|
Houston Astros batting - Pitching for New York Yankees : LHP Joel Pacheco
|
|
Batting: RHB Jesse Scott
|
0-0: Ball 1-0: Called Strike 1-1: Called Strike 1-2: Strikes out swinging
|
|
Batting: RHB Jeremy Trump
|
0-0: Ball 1-0: Ball 2-0: Ball 3-0: Base on Balls
|
|
Pitching: RHP Chris McCoy
|
|
|
Batting: RHB Chris Lane
|
0-0: SINGLE (Line Drive, 8RS, EV 87.5 MPH) Jeremy Trump to second Runner from 2nd tries for 3rd, SAFE, throw by CF made to third
|
|
Batting: LHB Eric Katz
|
0-0: Ball 1-0: Ball 2-0: Called Strike 2-1: Ball 3-1: Fly out, F6 (Flyball, 6MD, EV 85.0 MPH)
|
|
Batting: LHB Jack Christie
|
0-0: Swinging Strike 0-1: Ball 1-1: Called Strike 1-2: Ball 2-2: Strikes out swinging
|
| Bottom of the 6th over - 0 runs, 1 hit, 0 errors, 2 left on base; New York 7 - Houston 0 |
| TOP OF THE 7TH |
|
New York Yankees batting - Pitching for Houston Astros : RHP Mike Chisolm
|
|
Batting: RHB Geni Prawiranega
|
0-0: Called Strike 0-1: Swinging Strike 0-2: Foul Ball, location: 2F 0-2: Strikes out swinging
|
|
Batting: RHB Larry Martell
|
0-0: Called Strike 0-1: Ball 1-1: Ball 2-1: Ball 3-1: SINGLE (Line Drive, 89M, EV 88.8 MPH)
|
|
Batting: RHB James Boynton
|
0-0: Hit by Pitch Larry Martell to second
|
|
Pitching: LHP Brian Thomas
|
|
|
Batting: LHB Jordan de Jesus
|
0-0: Ball 1-0: Ball 2-0: Called Strike 2-1: Foul Ball, location: 2F 2-2: Strikes out swinging
|
|
Batting: SHB Victor Ruiz
|
0-0: Called Strike 0-1: Called Strike 0-2: Fielders Choice at 2nd, 6-4 (Groundball, 56, EV 86.2 MPH)
|
| Top of the 7th over - 0 runs, 1 hit, 0 errors, 2 left on base; New York 7 - Houston 0 |
| BOTTOM OF THE 7TH |
|
Houston Astros batting - Pitching for New York Yankees : RHP Chris McCoy
|
|
Batting: SHB Rich Chavez
|
0-0: Called Strike 0-1: Ball 1-1: Called Strike 1-2: Strikes out swinging
|
|
Batting: SHB Joe Gardner
|
0-0: Called Strike 0-1: Swinging Strike 0-2: Strikes out swinging
|
|
Batting: LHB Bryce Hill
|
0-0: Ball 1-0: Foul Ball, location: 2F 1-1: Ball 2-1: Foul Ball, location: 2F 2-2: Ball 3-2: Foul Ball, location: 2F 3-2: Strikes out swinging
|
| Bottom of the 7th over - 0 runs, 0 hits, 0 errors, 0 left on base; New York 7 - Houston 0 |
| TOP OF THE 8TH |
|
New York Yankees batting - Pitching for Houston Astros : LHP Brian Thomas
|
|
Batting: SHB Bartholomeu Chambino
|
0-0: Ball 1-0: Swinging Strike 1-1: Swinging Strike 1-2: Strikes out looking
|
|
Batting: RHB Adriaan Pieters
|
0-0: Foul Ball, location: 2F 0-1: Ground out 1-5-3 (Groundball, 15S, EV 101.9 MPH)
|
|
Batting: LHB Jim Skare
|
0-0: Called Strike 0-1: Fly out, F5 (Line Drive, 5L, EV 68.8 MPH)
|
| Top of the 8th over - 0 runs, 0 hits, 0 errors, 0 left on base; New York 7 - Houston 0 |
| BOTTOM OF THE 8TH |
|
Houston Astros batting - Pitching for New York Yankees : RHP Chris McCoy
|
|
Batting: RHB Mark Marks
|
0-0: Ball 1-0: Ground out 5-3 (Groundball, 56, EV 86.2 MPH)
|
|
Batting: RHB Jesse Scott
|
0-0: Ball 1-0: Called Strike 1-1: Ball 2-1: Ground out 6-3 (Groundball, 6D, EV 105.0 MPH)
|
|
Batting: RHB Jeremy Trump
|
0-0: Called Strike 0-1: Foul Ball, location: 2F 0-2: Ball 1-2: Ball 2-2: Foul Ball, location: 2F 2-2: Foul Ball, location: 2F 2-2: Foul Ball, location: 2F 2-2: Ball 3-2: Ground out 4-3 (Groundball, 13, EV 83.1 MPH)
|
| Bottom of the 8th over - 0 runs, 0 hits, 0 errors, 0 left on base; New York 7 - Houston 0 |
| TOP OF THE 9TH |
|
New York Yankees batting - Pitching for Houston Astros : LHP Brian Thomas
|
|
Batting: RHB Jose Tovar
|
0-0: Called Strike 0-1: Called Strike 0-2: Ball 1-2: Strikes out swinging
|
|
Batting: RHB Geni Prawiranega
|
0-0: Called Strike 0-1: Ball 1-1: Fly out, F8 (Line Drive, 8RD, EV 104.4 MPH)
|
|
Batting: RHB Larry Martell
|
0-0: Called Strike 0-1: Foul Ball, location: 2F 0-2: Foul Ball, location: 2F 0-2: Ball 1-2: Strikes out swinging
|
| Top of the 9th over - 0 runs, 0 hits, 0 errors, 0 left on base; New York 7 - Houston 0 |
| BOTTOM OF THE 9TH |
|
Houston Astros batting - Pitching for New York Yankees : RHP Chris McCoy
|
|
Batting: RHB Chris Lane
|
0-0: Ball 1-0: Ball 2-0: SINGLE (Flyball, 5D, EV 93.1 MPH)
|
|
Batting: LHB Eric Katz
|
0-0: Ball 1-0: Called Strike 1-1: Fly out, F9 (Line Drive, 89M, EV 110.6 MPH)
|
|
Pitching: RHP Leo Gonzales
|
|
|
Batting: LHB Jack Christie
|
0-0: Ball 1-0: Swinging Strike 1-1: Swinging Strike 1-2: Fly out, F6 (Line Drive, 6M, EV 60.6 MPH)
|
|
Batting: SHB Rich Chavez
|
0-0: Ball 1-0: Ball 2-0: Ball 3-0: Called Strike 3-1: Base on Balls Chris Lane to second
|
|
Batting: SHB Joe Gardner
|
0-0: Ball 1-0: Ball 2-0: Called Strike 2-1: Ball 3-1: Base on Balls Chris Lane to third Rich Chavez to second
|
|
Batting: LHB Bryce Hill
|
0-0: Ball 1-0: SINGLE (Groundball, 13, EV 80.0 MPH) (infield hit) Chris Lane scores Rich Chavez to third Joe Gardner to second
|
|
Batting: RHB Mark Marks
|
0-0: Called Strike 0-1: Foul Ball, location: 2F 0-2: Ball 1-2: Ball 2-2: Foul Ball, location: 2F 2-2: Fielders Choice at 2nd, 5-4 (Groundball, 56, EV 80.6 MPH)
|
| Bottom of the 9th over - 1 run, 2 hits, 0 errors, 3 left on base; New York 7 - Houston 1 |
|